 Dungeon Crawl Stone Soup version 0.23-a0-808-gd21de94 (console) character file.

161 bli the Insei (level 5, -5/37 HPs)
             Began as a Demonspawn Transmuter on Jan 20, 2019.
             Slain by an orc
             ... wielding a +0 flail
              (9 damage)
             ... on level 3 of the Dungeon.
             The game lasted 00:08:33 (3270 turns).

bli the Insei (Demonspawn Transmuter)               Turns: 3270, Time: 00:08:34

Health: -5/37      AC:  2    Str: 10    XL:     5   Next: 19%
Magic:  8/8        EV: 13    Int: 14    God:
Gold:   146        SH:  0    Dex: 15    Spells: 7/8 levels left

rFire    . . .     SeeInvis .     - Unarmed
rCold    . . .     Gourm    .   (no shield)
rNeg     . . .     Faith    .   n - +0 robe (curse)
rPois    .         Spirit   .   (helmet restricted)
rElec    .         Reflect  .   (no cloak)
rCorr    .         Harm     .   (no gloves)
MR       .....                  (no boots)
Stlth    +.........             (no amulet)
HPRegen  0.12/turn              (no ring)
MPRegen  0.11/turn              (no ring)

@: no status effects
A: horns 2, talons 1
a: no special abilities


You were on level 3 of the Dungeon.
You were not hungry.

You visited 1 branch of the dungeon, and saw 4 of its levels.

You collected 146 gold pieces.

Inventory:

Hand Weapons
 o - a +2 dagger of flaming
 x - a +0 blowgun
Missiles
 a - 70 arrows
 i - 183 stones (quivered)
 k - 23 sling bullets
 q - 15 poisoned needles
 y - 5 curare-tipped needles
Armour
 b - a +0 robe
 g - a +0 leather armour
 n - a cursed +0 robe (worn)
Scrolls
 c - a scroll of fog {unknown}
 e - 2 scrolls of identify {unknown}
 r - a scroll of noise {unknown}
 s - a scroll of magic mapping {unknown}
 v - 2 scrolls of enchant weapon {unknown}
 w - a scroll of remove curse {unknown}
Potions
 f - 2 potions of invisibility {unknown}
 h - a potion of ambrosia {unknown}
 j - a potion of flight {unknown}
 l - a potion of degeneration {unknown}
 m - a potion of haste {unknown}
 p - a potion of magic {unknown}
 u - a potion of agility {unknown}
Comestibles
 d - 5 rations
 t - 4 chunks of flesh


   Skills:
 + Level 1.1 Fighting
 + Level 2.1 Dodging
 * Level 5.1 Unarmed Combat
 - Level 2.0 Spellcasting
 - Level 2.0 Transmutations


You had 7 spell levels left.
You knew the following spells:

 Your Spells              Type           Power        Failure   Level  Hunger
a - Beastly Appendage     Tmut           #.....       11%         1    ##.....

Your spell library contained the following spells:

 Spells                   Type           Power        Failure   Level  Hunger
 Sticks to Snakes         Tmut           #.......     16%         2    ###....
 Spider Form              Tmut/Pois      #.........   43%         3    ####...
 Ice Form                 Ice/Tmut       #.......     83%         4    #####..
 Blade Hands              Tmut           #.........   96%         5    ######.


Dungeon Overview and Level Annotations

Branches:
Dungeon (4/15)
 Temple: D:4-7

Altars:
Qazlal


Innate Abilities, Weirdness & Mutations

You have a pair of horns on your head.
You have sharp toenails.


Message History

The orc barely misses you.
You feel sick.
You are no longer poisoned.
You barely miss the orc. Your headbutt misses the orc.
You punch the orc, but do no damage. The orc barely misses you.
The orc hits you but does no damage.
You hit the orc. You headbutt the orc.
The orc is almost dead.
The orc misses you.
Some of the chunks of flesh in your inventory have rotted away.
Casting: Beastly Appendage (safe; 11% risk of failure)
Confirm with . or Enter, or press ? or * to list all spells.
You have no appropriate body parts free.
You barely miss the orc.
The orc priest mumbles some strange prayers to Beogh against you.
Beogh smites you!
* * * LOW HITPOINT WARNING * * *
The orc barely misses you. The orc hits you.
* * * LOW HITPOINT WARNING * * *
The orc hits you with a +0 flail!
You die...

..o.# ##.# #g)#.#.###
#.#).....# #oooo#.#...
##g#o##.# #.......# #
#.##.##.# # #.##o##.#
#####.##.g..###
...........)..########
###.#.##.##.#(##@o...#
....#.##.##[#.##oo...#
......##.##..o.o>....#
....#.##.##.#o##.....#
###.#.##....#.##....^#
...............#######
########...###.# #
##.## .# # #.# .. #.#
#..


You could see an orc priest and 3 orcs.

Vanquished Creatures
  4 adders
  3 worms (D:2)
  4 dart slugs (D:1)
  3 leopard geckos
  11 orcs
  2 ball pythons
  8 bats
  5 giant cockroaches
  7 goblins
  13 hobgoblins
  5 jackals (D:2)
  A quokka (D:3)
  5 frilled lizards
  8 kobolds
  11 rats
90 creatures vanquished.

Notes
Turn   | Place    | Note
-------+----------+-------------------------------------------
     0 | D:1      | bli the Demonspawn Transmuter began the quest for the Orb.
     0 | D:1      | Reached XP level 1. HP: 15/15 MP: 3/3
   101 | D:1      | Reached skill level 3 in Unarmed Combat
   239 | D:1      | Gained mutation: You have a pair of small horns on your
                  | head. [demonic ancestry]
   239 | D:1      | Reached XP level 2. HP: 8/21 MP: 3/5
   669 | D:1      | Gained mutation: You have a pair of horns on your head.
                  | [demonic ancestry]
   669 | D:1      | Reached XP level 3. HP: 11/26 MP: 4/6
  1478 | D:2      | Reached skill level 4 in Unarmed Combat
  1607 | D:2      | Reached XP level 4. HP: 11/32 MP: 5/7
  1628 | D:2      | Found a stormy altar of Qazlal.
  3044 | D:3      | Mutation became permanent: You have razor-sharp toenails.
                  | [demonic ancestry]
  3044 | D:3      | Gained mutation: You have claws for feet. [demonic
                  | ancestry]
  3044 | D:3      | Reached XP level 5. HP: 37/37 MP: 6/8
  3064 | D:3      | Reached skill level 5 in Unarmed Combat
  3246 | D:4      | Noticed a phantom
  3270 | D:3      | Slain by an orc

Vault maps used:
D:1:      matt_arrival_los_fun, hangedman_decor_push, nrook_campfire
D:2:      nicolae_qazlal_general_emergency
D:3:      regret_index_temple_of_mockery, first_ration
D:4:      serial_shops, nicolae_shop_overgrown_old_shop, uniq_pikel

Skill      XL: |  1  2  3  4  5 |
---------------+----------------+-----
Unarmed Combat | 3 4 5 |  5.1
Dodging        | 2 |  2.1
Transmutations | 2 |  2.0
Fighting       | |  1.1
Spellcasting   | |  2.0

Action                   |  1- 3 |  4- 6 || total
-------------------------+-------+-------++-------
Melee: Unarmed           |   120 |   107 ||   227
       Kick              |    17 |    29 ||    46
       Headbutt          |     8 |    15 ||    23
       Punch             |       |     3 ||     3
Throw: Stone             |     3 |       ||     3
 Cast: Beastly Appendage |    19 |    15 ||    34
 Stab: Sleeping          |     2 |     2 ||     4
  Eat: Chunk             |     3 |     5 ||     8
Armor: Robe              |    21 |    15 ||    36
Dodge: Dodged            |    57 |    53 ||   110

Table legend:
 A = Non-vault XP
 B = Vault XP
 C = Vault XP percentage of total XP
 D = Non-vault monster count
 E = Vault monster count
 F = Vault count percentage of total count
                 A         B        C        D         E       F
            +---------+---------+-------+---------+---------+-------
      Total |     231 |       0 |   0.0 |      90 |       0 |   0.0
            +---------+---------+-------+---------+---------+-------
        D:1 |      65 |       0 |   0.0 |      34 |       0 |   0.0
        D:2 |      95 |       0 |   0.0 |      28 |       0 |   0.0
        D:3 |      67 |       0 |   0.0 |      26 |       0 |   0.0
        D:4 |       4 |       0 |   0.0 |       2 |       0 |   0.0
            +---------+---------+-------+---------+---------+-------
